Description

Double gas into 4 reaper, 3 hellion, liberator attack into full macro. Transition well into both bio and mech

VOD

https://www.youtube.com/watch?v=Ggy6U-Ixh-0&feature=emb_logo

Replay - 2020-05-21 - (T)liquidthermy VS (T)LiquidClem

Build Order

Get SALT Encoding   

  12  0:01  SCV  
  13  0:13  SCV  
  14  0:18  Supply Depot  
  14  0:25  SCV  
  14  0:27  Refinery  
  15  0:39  SCV  
  16  0:44  Barracks  
  16  0:51  SCV  
  16  0:54  Refinery  
  17  1:03  SCV  
  18  1:16  SCV  
  19  1:31  Reaper, Orbital Command  
  20  1:33  Factory  
  20  1:42  Supply Depot  
  20  1:56  SCV  
  21  2:03  Reaper  
  21  2:08  SCV  
  23  2:18  Hellion  
  23  2:20  SCV  
  23  2:22  Starport  
  26  2:29  Supply Depot  
  26  2:35  Reaper  
  28  2:39  Hellion  
  28  2:40  Liberator  
  33  3:00  Hellion  
  33  3:05  Supply Depot  
  35  3:07  Reaper  
  36  3:21  Command Center  
  36  3:22  Hellion  
  39  3:40  Barracks Reactor  
  40  3:43  Factory Tech Lab  
  40  3:44  Starport Tech Lab  
  41  3:56  Refinery, Supply Depot  
  42  4:04  Cyclone  
  46  4:18  Marine x2  
  46  4:21  Raven  
  47  4:33  Orbital Command  
  47  4:36  Marine  
  47  4:45  Siege Tank  
  50  4:52  Marine x2  
  54  5:04  Raven  
  57  5:09  Marine x2  
  59  5:20  Siege Tank  
  64  5:31  Command Center  
  64  5:32  Marine x2  
  69  5:54  Siege Tank  
  73  6:03  Viking x2  
  78  6:05  Marine  
  78  6:09  Stimpack  
  80  6:15  Refinery  
  83  6:26  Siege Tank  
  86  6:34  Viking  
  90  6:42  Viking  
  91  6:58  Siege Tank  
  96  7:04  Viking  
  96  7:05  Engineering Bay x2  
  98  7:11  Refinery x2  
  98  7:12  Viking  
  102  7:21  Orbital Command  
  104  7:31  Siege Tank  
  104  7:36  Viking  
  92  7:44  Viking  
  85  8:03  Siege Tank  
  84  8:07  Viking  
  84  8:09  Terran Infantry Armor Level 1  
  84  8:11  Barracks x2  
  88  8:22  Viking  
  89  8:31  Terran Infantry Weapons Level 1  
  86  8:35  Siege Tank  
  89  8:45  Barracks x2, Combat Shield  
  95  8:59  Medivac x2, Barracks Reactor x2  
  99  9:04  Armory  
  99  9:07  Missile Turret x3  
  102  9:11  Siege Tank  
  107  9:29  Command Center  
  108  9:34  Barracks Reactor x2  
  108  9:35  Sensor Tower  
  110  9:43  Siege Tank  
  116  9:47  Medivac x2  
Spawning Tool Build Advisor. Get it on Overwolf

Analysis

Send liberator to opponents main while attacking with reapers and hellions up front. Making it a double prong attack that is hard to defend.

Pull 2 boys from gas after putting the factory down then saturate them again when you have 15 workers mining minerals.

Go to:

Details

  • Created by: ItsRkaj  
  • Published on: May 22, 2020
  • Modified on: May 22, 2020
  • Patch: 4.11.0
Show
View Real Time Build Order
Export as new Build Order

Comments (0)

There are no comments. Be the first!

Create an account to comment!